Map: Deathaura LE

Players

Throwfordays

  • Race: Protoss Protoss
  • League: Silver
  • Spawn Location: 11:00

YZacovelU - Winner!

  • Race: Terran Terran
  • League: Silver
  • Spawn Location: 5:00

VOD

Have the link to the VOD?

Description

Time

  • Played on: July 17, 2020, 7:10 p.m.
  • Length: 7:09
Show
View Real Time Build Order
Export as new Build Order

Throwfordays Protoss 

Build Orders:  

Get SALT Encoding   

  12  0:11  Pylon  
  12  0:30  Forge  
  12  0:32  Probe  
  12  0:40  Probe  
  13  0:44  Pylon  
  14  0:53  Pylon  
  14  1:10  Photon Cannon  
  14  1:14  Probe  
  14  1:22  Probe  
  14  1:32  Gateway, Probe  
  15  1:37  Assimilator  
  16  1:44  Probe  
  17  1:56  Photon Cannon, Probe  
  17  1:58  Pylon  
  18  2:07  Pylon  
  18  2:14  Pylon  
  17  2:38  Probe  
  18  2:44  Nexus  
  18  2:47  Probe  
  19  2:55  Probe  
  19  3:04  Cybernetics Core  
  19  3:05  Probe  
  21  3:14  Pylon  
  21  3:20  Photon Cannon  
  21  3:26  Probe  
  21  3:34  Probe  
  21  3:36  Warp Gate  
  22  3:42  Pylon  
  22  3:44  Probe  
  23  4:04  Probe  
  23  4:08  Pylon  
  24  4:11  Probe  
  24  4:12  Probe  
  26  4:17  Assimilator  
  26  4:21  Gateway  
  26  4:22  Probe  
  26  4:23  Probe  
  28  4:34  Probe  
  28  4:35  Probe  
  30  4:41  Protoss Ground Weapons Level 1  
  30  4:46  Probe  
  30  4:47  Probe  
  30  4:50  Twilight Council  
  32  4:58  Probe  
  32  4:59  Probe  
  34  5:00  Adept  
  36  5:11  Charge, Probe  
  36  5:14  Probe  
  38  5:19  Assimilator  
  38  5:21  Assimilator  
  38  5:23  Probe  
  38  5:26  Probe  
  40  5:38  Probe  
  40  5:42  Nexus  
  41  5:46  Assimilator  
  41  5:49  Probe  
  42  5:50  Assimilator  
  42  5:53  Pylon  
  42  5:54  Probe  
  42  5:56  Adept x2  
  47  6:01  Probe  
  47  6:04  Gateway  
  48  6:06  Probe  
  49  6:13  Probe  
  49  6:17  Adept x2  
  49  6:18  Probe  
  55  6:28  Pylon  
  55  6:35  Templar Archives  
  55  6:38  Zealot x2  
  50  6:49  Gateway  
  50  6:53  Shield Battery, Gateway  
Show
View Real Time Build Order
Export as new Build Order

YZacovelU Terran - Winner!

Build Orders:  

Get SALT Encoding   

  12  0:04  SCV  
  13  0:16  Supply Depot  
  13  0:20  SCV  
  14  0:32  Refinery  
  14  0:33  SCV  
  15  1:02  Barracks  
  15  1:37  SCV  
  16  1:49  SCV, Barracks  
  17  1:56  Marine  
  19  2:01  SCV  
  19  2:13  Marine  
  19  2:31  Marine  
  18  2:40  Marine  
  19  2:49  Refinery, Marine  
  19  2:50  SCV  
  21  3:02  SCV  
  22  3:07  Marine  
  22  3:11  Supply Depot  
  23  3:27  Barracks Reactor  
  23  3:32  Marine  
  24  3:35  SCV  
  24  3:40  Factory  
  25  3:47  SCV  
  26  3:50  Marine  
  26  3:59  SCV  
  26  4:08  Marine x2  
  26  4:09  Marine  
  29  4:14  SCV  
  30  4:17  Supply Depot  
  30  4:18  Supply Depot  
  30  4:26  SCV  
  30  4:27  Starport, Factory Tech Lab  
  31  4:39  Marine, SCV  
  31  4:42  Supply Depot  
  33  4:51  Siege Tank  
  36  5:09  Marine x2  
  36  5:10  Marine  
  36  5:12  Medivac  
  41  5:27  Marine x2  
  43  5:36  Cyclone  
  43  5:42  Medivac  
  48  6:07  Command Center  
  47  6:19  Marine  
  47  6:20  Marine x2  
  47  6:24  Barracks  
  50  6:36  Orbital Command  
Tags
 
Matchup
PvT
Replay Pack
Multiplayer
Spawn Locations
Cross Positions
Add a new tag
Caveats
  • Supply blocks, unpowered buildings, or Contaminate may cause inaccurate times.
  • Supply counts are checked every 10 seconds.